Description

ShoWTimE v TRUE: Game 1-Neon Violet Square LE Copy

Replay - ShoWTimE v TRUE: Game 1 - Neon Violet Square LE

Build Order

Get SALT Encoding   

  12  0:00  Probe  
  13  0:12  Probe  
  14  0:19  Pylon  
  14  0:25  Probe (Chrono Boost)  
  15  0:37  Probe (Chrono Boost)  
  16  0:44  Gateway  
  16  0:45  Probe (Chrono Boost)  
  16  0:48  Assimilator  
  17  0:51  Probe  
  18  1:03  Probe  
  19  1:15  Probe  
  20  1:31  Nexus  
  20  1:40  Probe  
  20  1:41  Cybernetics Core  
  21  1:47  Assimilator  
  21  1:52  Probe  
  22  1:57  Pylon  
  23  2:15  Adept (Chrono Boost)  
  23  2:21  Stargate  
  26  2:27  Warp Gate  
  27  2:34  Adept  
  33  3:02  Oracle (Chrono Boost)  
  39  3:15  Pylon  
  41  3:29  Phoenix (Chrono Boost)  
  44  3:34  Gateway  
  45  3:43  Robotics Facility  
  47  3:53  Assimilator x2  
  49  4:07  Twilight Council  
  51  4:15  Pylon  
  52  4:21  Gateway x2  
  53  4:28  Pylon  
  54  4:36  Warp Prism (Chrono Boost)  
  55  4:44  Templar Archives  
  57  4:56  Nexus  
  59  5:09  Forge  
  61  5:26  High Templar x4  
  71  5:31  Archon x2  
  71  5:32  Shield Battery  
  71  5:33  Observer (Chrono Boost)  
  72  5:36  Gateway x2  
  72  5:39  Protoss Ground Weapons Level 1 (Chrono Boost)  
  76  5:59  Zealot x4  
  87  6:18  Charge (Chrono Boost)  
  82  6:29  Assimilator x2  
  84  6:32  High Templar x2  
  84  6:33  Zealot x3  
  84  6:37  Gateway x2  
  84  6:38  Archon  
  95  6:42  Zealot  
  91  7:12  High Templar x4  
  95  7:20  Psionic Storm  
  95  7:24  Immortal (Chrono Boost)  
  95  7:28  Zealot x2  
  103  7:32  Photon Cannon x2  
  103  7:37  Nexus, Protoss Ground Weapons Level 2 (Chrono Boost)  
  109  7:57  Immortal  
  115  8:07  Photon Cannon  
  128  8:29  Shield Battery  
  129  8:37  Assimilator x2  
  131  8:47  Photon Cannon, Archon x2  
  137  9:00  Archon  
  140  9:06  Photon Cannon x2  
  140  9:09  Shield Battery  
  142  9:17  Photon Cannon  
  142  9:18  Observer (Chrono Boost)  
  142  9:19  Oracle  
  146  9:26  Shield Battery  
  146  9:32  Immortal  
  146  9:33  Gateway x2  
  150  9:40  Protoss Ground Weapons Level 3 (Chrono Boost)  
  166  10:10  Photon Cannon  
  166  10:12  Immortal  
  170  10:15  Fleet Beacon  
  170  10:22  Photon Cannon  
  170  10:38  Archon  
  170  10:48  Immortal (Chrono Boost)  
  161  11:19  Mothership (Chrono Boost)  
  176  11:43  Observer  
  180  11:50  Archon x3  
  180  11:52  Anion Pulse-Crystals (Chrono Boost)  
  188  11:59  Stargate  
  194  12:09  Observer (Chrono Boost), Stargate  
  197  12:16  Protoss Shields Level 1 (Chrono Boost)  
  199  12:23  Stargate  
  181  12:40  Immortal  
  185  12:54  Tempest x2 (Chrono Boost), Cybernetics Core  
Spawning Tool Build Advisor. Get it on Overwolf

Go to:

Details

  • Created by: AlvinLo
  • Published on: May 04, 2018
  • Modified on: May 04, 2018
  • Patch: 4.0.0
Show
View Real Time Build Order
Export as new Build Order

Comments (0)

There are no comments. Be the first!

Create an account to comment!